 Dungeon Crawl Stone Soup version 0.31.0-11-ge490571c62 (webtiles) character file.

Game seed: 5414441226571794831

66 qw the Shooter (level 3, 0/20 HPs)
             Began as a Deep Elf Hunter on Feb 4, 2024.
             Succumbed to their own poison gas
             ... on level 2 of the Dungeon.
             The game lasted 00:00:04 (1189 turns).

qw the Shooter (Deep Elf Hunter)                    Turns: 1189, Time: 00:00:05

Health: 0/20       AC:  7    Str:  9 (10) XL:     3   Next: 96%
Magic:  5/5        EV: 10    Int: 11 (13) God:
Gold:   61         SH:  0    Dex: 16 (18) Spells: 2/2 levels left

rFire   . . .        a - +0 shortbow
rCold   . . .        (shield currently unavailable)
rNeg    . . .        e - +1 ring mail
rPois   .            (no helmet)
rElec   .            (no cloak)
rCorr   .            c - +0 pair of gloves
SInv    .            (no boots)
Will    .....        (no amulet)
Stlth   +            (no ring)
HPRegen 0.23/turn    (no ring)
MPRegen 0.09/turn

%: no passive effects
@: lethally poisoned (0 -> -4)
A: no striking features
a: no special abilities


You were on level 2 of the Dungeon.
You visited 1 branch of the dungeon, and saw 2 of its levels.

You collected 61 gold pieces.


   Skills:
 - Level 1.5 Fighting
 + Level 7.4 Ranged Weapons
 - Level 2.4 Dodging
 - Level 1.2 Stealth


You had 2 spell levels left.
You didn't know any spells.
Your spell library was empty.

Inventory:

Hand Weapons
 a - a +0 shortbow (weapon)
Armour
 c - a +0 pair of gloves (worn)
 e - a +1 ring mail (worn)
Potions
 f - a potion of enlightenment {unknown}

Dungeon Overview and Level Annotations

Branches:
Dungeon (2/15)

Altars:

Shops:
D:1 *


Message History

The air fills with toxic fumes!
As you read the scroll labelled QESCHU YLIELEY, it crumbles to dust.
It was a scroll of poison.
Done exploring.
1180 ||| READING scroll labelled MEH UDWUVE.
As you read the scroll labelled MEH UDWUVE, it crumbles to dust.
The air around you briefly surges with heat, but it dissipates.
It was a scroll of immolation.
Done exploring.
1181 ||| READING scroll labelled MIEGOIN LOVUSE.
As you read the scroll labelled MIEGOIN LOVUSE, it crumbles to dust.
It is a scroll of identify.
1181 ||| IDENTIFYING clear potion;
b - a potion of berserk rage Done exploring.
1182 ||| DROPPING potion of berserk rage.
You drop a potion of berserk rage.
Done exploring.
What level of the Dungeon? (default 2, ? - help) Sorry, I don't know how to get there.
Enter note:
Enter note:
Enter note:
Enter note:
Enter note:
Enter note: You are engulfed in poison gas.
You are poisoned.
You feel very sick.
1184 ||| Stepping ~*~*~tactically~*~*~ (cloud).
You feel very sick.
You see here a potion of berserk rage.
There is a lethal amount of poison in your body!
You feel very sick.
There is a lethal amount of poison in your body!
You feel sick.
There is a lethal amount of poison in your body!
You feel sick.
There is a lethal amount of poison in your body!
You feel sick.
There is a lethal amount of poison in your body!
You die...

..##!.................%..#
####.##########00#######.#
# #...# #0¤# #.# # ###.#
#¤¤# #.# # #.# #00# #.# #
#.# #.0# #.# # #.# #¤¤#
#.# # #.# #00# ##.## # #.#
#0@# #...# # #.# ##0#
#...# # #.# #0# #...# #
#.# #¤#### #.###
######.###### #.¤..# #.#
............# ##0##.# #.#
.#####.####.###.00#.###.#
.# #.###.........#....# .#
#......###...#.#####


There were no monsters in sight!

Vanquished Creatures
  2 adders (D:2)
  5 dart slugs
  2 endoplasms (D:2)
  2 giant cockroaches (D:2)
  3 goblins
  A hobgoblin (D:1)
  5 jackals (D:2)
  4 kobolds
  A quokka (D:1)
  3 ball pythons
  2 bats
  4 frilled lizards
  5 rats
39 creatures vanquished.

Notes
Turn   | Place    | Note
-------+----------+-------------------------------------------
     0 | D:1      | qw the Deep Elf Hunter began the quest for the Orb.
     0 | D:1      | Reached XP level 1. HP: 12/12 MP: 3/3
     0 | D:1      | 0 ||| qw: Version: 0.3-a-160-g6735b56
     0 | D:1      | 0 ||| qw: Game counter: 4539
     0 | D:1      | 0 ||| qw: Melee chars always use a shield: true
     0 | D:1      | 0 ||| qw: God list: Okawaru
     0 | D:1      | 0 ||| qw: Allow faded altars: false
     0 | D:1      | 0 ||| qw: Do Orc after clearing Dungeon:15 true
     0 | D:1      | 0 ||| qw: Do second Lair branch before Depths: true
     0 | D:1      | 0 ||| qw: Lair rune preference: random
     0 | D:1      | 0 ||| qw: Goals: Normal
     0 | D:1      | 0 ||| PLANNING D:1-11
   160 | D:1      | Reached XP level 2. HP: 16/16 MP: 4/4
   163 | D:1      | Reached skill level 6 in Ranged Weapons
   289 | D:1      | Found Tipiem's Assorted Antiques.
   299 | D:1      | 299 ||| SHOPLISTING ice dragon scales (1440 gold, have 16).
   299 | D:1      | 299 ||| SHOPLISTING pair of embroidered boots (180 gold,
                  | have 16).
   299 | D:1      | 299 ||| SHOPLISTING scroll labelled HIAGAOXUAGG (24 gold,
                  | have 16).
   299 | D:1      | 299 ||| SHOPLISTING scroll labelled KIS MOUSUALO (24 gold,
                  | have 16).
   299 | D:1      | 299 ||| SHOPLISTING sedimented coppery potion (21 gold,
                  | have 16).
   299 | D:1      | 299 ||| SHOPLISTING white potion (21 gold, have 16).
   429 | D:1      | 429 ||| UPGRADING to +0 ring mail.
   439 | D:1      | 439 ||| DROPPING +0 leather armour.
   440 | D:1      | 440 ||| READING scroll labelled ZAISUI PASULA.
   440 | D:1      | 440 ||| ENCHANTING +0 ring mail.
   441 | D:1      | 441 ||| READING scroll labelled ZOZO FUMO.
   442 | D:1      | 442 ||| READING 2 scrolls labelled HANAPP VILELOJ.
   443 | D:1      | 443 ||| DRINKING 2 fuming black potions.
   444 | D:1      | 444 ||| DROPPING scroll of butterflies.
   445 | D:1      | 445 ||| DROPPING potion of degeneration.
   446 | D:1      | 446 ||| DROPPING scroll of revelation.
   468 | D:2      | Reached XP level 3. HP: 14/20 MP: 5/5
   505 | D:2      | 505 ||| FLEEEEING.
   506 | D:2      | 506 ||| FLEEEEING.
   507 | D:2      | 507 ||| FLEEEEING.
   629 | D:2      | Reached skill level 7 in Ranged Weapons
  1174 | D:2      | 1174 ||| UPGRADING to +0 pair of gloves.
  1179 | D:2      | 1179 ||| READING scroll labelled QESCHU YLIELEY.
  1180 | D:2      | 1180 ||| READING scroll labelled MEH UDWUVE.
  1181 | D:2      | 1181 ||| READING scroll labelled MIEGOIN LOVUSE.
  1181 | D:2      | 1181 ||| IDENTIFYING clear potion
  1182 | D:2      | 1182 ||| DROPPING potion of berserk rage.
  1184 | D:2      | 1184 ||| Stepping ~*~*~tactically~*~*~ (cloud).
  1185 | D:2      | HP: 5/20 [poisoned by you (poison gas)]
  1187 | D:2      | HP: 1/20 [poisoned by you (poison gas)]
  1189 | D:2      | Succumbed to their own poison gas

Levels and vault maps discovered:
D:1:      nagdon_arrival_double_spiral, layout_rooms, serial_shops, shop,
          chequers_serial_rivers_micro_c
D:2:      layout_loops_ring, minivault_11

Skill      XL: |  1  2  3 |
---------------+----------+-----
Ranged Weapons | 6 7 |  7.4
Fighting       | |  1.5
Dodging        | |  2.4
Stealth        | |  1.2

Action                     || total
---------------------------++-------
   Fire: Shortbow          ||   101
    Use: Scroll            ||     6
         Potion            ||     1
 Armour: Ring mail         ||    21
         Leather armour    ||     1
  Dodge: Dodged            ||    22

Table legend:
 A = Non-vault XP
 B = Vault XP
 C = Vault XP percentage of total XP
 D = Non-vault monster count
 E = Vault monster count
 F = Vault count percentage of total count
                 A         B        C        D         E       F
            +---------+---------+-------+---------+---------+-------
      Total |      95 |       0 |   0.0 |      39 |       0 |   0.0
            +---------+---------+-------+---------+---------+-------
        D:1 |      26 |       0 |   0.0 |      15 |       0 |   0.0
        D:2 |      69 |       0 |   0.0 |      24 |       0 |   0.0
            +---------+---------+-------+---------+---------+-------
